 Dungeon Sprint DCSS version 0.15-a0-963-gb693d2a (webtiles) character file.

466230 MDvedh the Invulnerable (level 21, 0/223 (224) HPs)
             Began as a Minotaur Fighter on May 22, 2014.
             Was an Elder of Cheibriados.
             Killed by drain life
             ... invoked by a soul eater
             ... summoned by an indirect mummy death curse
              (13 damage)
             ... in the Dungeon (Sprint IX: "|||||||||||||||||||||||||||||").
             The game lasted 00:37:15 (12676 turns).

MDvedh the Invulnerable (Minotaur Fighter)         Turns: 12676, Time: 00:37:15

HP   0/223 (224) AC 39     Str 39 (42) XL: 21   Next: 49%
MP   3/44        EV 36     Int 17      God: Cheibriados [****..]
Gold 1860        SH 63     Dex 19 (23) Spells:  0 memorised, 66 levels left

rFire  . . .     SeeInvis +     F - +6,+5 demon whip (freeze)
rCold  . . .     Clarity  .     o - +4 storm dragon armour
rNeg   . . .     Conserve .     t - +2 large shield {AC+3}
rPois  +         rCorr    .     b - +2 hat {SInv}
rElec  +         rRot     .     D - +0 cloak
SustAb .         Spirit   .     i - +0 pair of gloves of the Storm King {Str+4 Curse}
rMut   .         Warding  .     l - +2 pair of boots {+Jump}
Gourm  .         NoTele   +     (no amulet)
MR     +....                    K - +4 ring of evasion
                                e - ring of Nuev {rPois Int+2 Regen}

@: very slow, somewhat resistant to hostile enchantments, quite stealthy
A: retaliatory headbutt, horns 2
a: Bend Time, Temporal Distortion, Slouch, Renounce Religion, Evoke Jump Attack
}: 7/15 runes: decaying, serpentine, barnacled, slimy, elven, silver, gossamer


You were in the Dungeon.
You worshipped Cheibriados.
Cheibriados was greatly pleased with you.
You were not hungry.

You visited 1 branch You collected 1942 gold pieces.
You spent 82 gold pieces at shops.

Inventory:

Hand weapons
 r - a +4,+4 dire flail of protection
 F - a +6,+5 demon whip of freezing (weapon)
Armour
 b - a +2 hat of see invisible (worn)
 i - the cursed +0 pair of gloves of the Storm King (worn) {Str+4 Curse}
   (You found it in the Dungeon)

   It affects your strength (+4).
   It may recurse itself when equipped.
   It has a curse placed upon it.
 l - a +2 pair of boots of jumping (worn)
 o - a +4 storm dragon armour (worn)
 t - a +2 large shield of protection (worn)
 D - a +0 cloak (worn)
Comestibles
 d - 3 bread rations
 A - 40 strawberries
 B - 12 meat rations
Scrolls
 k - 3 scrolls of blinking
 m - a scroll of remove curse
 n - 3 scrolls of amnesia
 q - 2 scrolls of fear
 w - a scroll of enchant armour
 x - 2 scrolls of fog
 y - 2 scrolls of identify
Jewellery
 e - the ring of Nuev (left hand) {rPois Int+2 Regen}
   (You found it in the Dungeon)

   [ring of regeneration]

   It affects your intelligence (+2).
   It protects you from poison.
   It increases your rate of regeneration.
 p - an uncursed ring of fire
 s - an uncursed ring of ice
 z - an uncursed ring of fire
 E - an uncursed ring of fire
 K - a +4 ring of evasion (right hand)
Potions
 c - a potion of restore abilities
 h - a potion of haste
 j - 3 potions of cure mutation
 u - 6 potions of brilliance
 v - a potion of resistance


   Skills:
 O Level 27 Fighting
 O Level 27 Maces & Flails
 O Level 27 Armour
 O Level 27 Dodging
 O Level 27 Stealth
 O Level 27 Shields
 - Level 3.1 Unarmed Combat
 + Level 23.4 Spellcasting
 O Level 27 Invocations
 O Level 27 Evocations


You had 66 spell levels left.
You didn't know any spells.

Dungeon Overview and Level Annotations

Branches:
Dungeon (1/1)

Altars:
Cheibriados
Dithmenos
Elyvilon
Fedhas
Gozag
Kikubaaqudgha
Makhleb
Nemelex Xobeh
Okawaru
Qazlal
Sif Muna
Trog
Vehumet
Xom
Yredelemnul
Zin
The Shining One
Beogh
Jiyva
Lugonu

Shops:
D ?((}


Innate Abilities, Weirdness & Mutations

You reflexively headbutt those who attack you in melee.
You have a pair of horns on your head.


Message History

The vampire is lightly damaged.
You block the soul eater's attack.
Unknown command.
You barely miss the vampire. Your headbutt misses the vampire.
The vampire is lightly damaged.
The greater mummy mumbles some strange words.
Unknown command.
You barely miss the vampire.
The vampire is lightly damaged.
The vampire gestures wildly while chanting.
The vampire flickers and vanishes for a moment.
You block the soul eater's attack.
Unknown command.
You hit the vampire. You freeze the vampire. You headbutt the vampire.
The vampire is heavily damaged.
Unknown command.
You closely miss the vampire.
The vampire is heavily damaged.
The soul eater draws from the surrounding life force!
You die...

.......'.'.'.'.......[......'....
▓▓▓▓▓▓▓▓▓▓▓▓▓▓▓▓▓▓▓▓▓▓▓▓▓▓▓▓▓▓▓▓▓
.................................
♣♣♣♣♣▓▓▓▓▓▓▓▓▓▓▓▓▓▓▓▓▓▓▓▓▓▓▓▓▓▓▓▓
.....))))))))).%....'............
♣♣♣♣♣▓▓▓▓▓▓▓▓▓▓▓▓▓▓▓▓▓▓▓▓▓▓▓▓▓▓▓▓
.................................
▓▓▓▓▓▓▓▓▓▓▓▓▓▓▓▓▓▓▓▓▓▓▓▓▓▓▓▓▓▓▓▓▓
.......'.......3@VMMMMWWM
▓▓▓▓▓▓▓▓▓▓▓▓▓▓▓▓▓▓▓▓▓▓▓▓▓


You could see 5 greater mummies, a soul eater, a shadow wraith (invisible), a
vampire (invisible) and a wraith.

Vanquished Creatures
  the royal jelly (D)
  5 orbs of fire (D)
  7 ancient liches (D)
  A greater mummy (D)
  Boris (D)
  Margery (D)
  Norris (D)
  Mara (D)
  Mennas (D)
  4 golden dragons (D)
  Jory (D)
  3 electric golems (D)
  Xtahua (D)
  Frederick (D)
  Nikola (D)
  A bone dragon (D)
  4 liches (D)
  5 tentacled monstrosities (D)
  28 Orb Guardians (D)
  5 deep elf blademasters (D)
  A quicksilver dragon (D)
  8 acid blobs (D)
  13 sphinxes (D)
  7 shadow dragons (D)
  5 storm dragons (D)
  Kirke (D)
  3 draconian monks (D)
  6 azure jellies (D)
  Ilsuiw (D)
  A tengu reaver (D)
  A frost giant (D)
  3 draconian scorchers (D)
  8 greater nagas (D)
  A draconian knight (D)
  5 ghost moths (D)
  4 deep elf sorcerers (D)
  6 emperor scorpions (D)
  A cacodemon (D)
  Louise (D)
  5 vault wardens (D)
  A draconian zealot (D)
  2 stone giants (D)
  2 reapers (D)
  A war gargoyle (D)
  A deep elf demonologist (D)
  2 grey draconians (D)
  2 deep elf annihilators (D)
  4 vampire knights (D)
  A black draconian (D)
  3 mottled draconians (D)
  2 dire elephants (D)
  2 pale draconians (D)
  2 purple draconians (D)
  2 white draconians (D)
  2 ettins (D)
  25 vault guards (D)
  5 merfolk javelineers (D)
  2 mummy priests (D)
  2 merfolk impalers (D)
  6 fire dragons (D)
  2 deep elf death magi (D)
  9 death oozes (D)
  A yaktaur captain (D)
  4 ice dragons (D)
  4 ironheart preservers (D)
  5 rakshasas (D)
  4 death cobs (D)
  3 ogre magi (D)
  6 merfolk aquamancers (D)
  2 death yaks (D)
  6 hydras (D)
  A satyr (D)
  A very ugly thing (D)
  A spriggan berserker (D)
  A soul eater (D)
  A shock serpent (D)
  3 spectral elves (D)
  3 centaur warriors (D)
  A naga sharpshooter (D)
  3 iron trolls (D)
  A storm dragon zombie (D)
  A catoblepas (D)
  3 hell knights (D)
  An ice devil (D)
  3 swamp dragons (D)
  Erolcha (D)
  A shadow demon (D)
  A sea snake (D)
  3 ironbrand convokers (D)
  A wizard (D)
  2 hill giants (D)
  2 harpies (D)
  A naga ritualist (D)
  A necromancer (D)
  Joseph (D)
  A water nymph (D)
  2 orc knights (D)
  A salamander (D)
  A deep elf conjurer (D)
  6 orc sorcerers (D)
  A red wasp (D)
  3 wolf spiders (D)
  3 manticores (D)
  A griffon (D)
  7 lindwurms (D)
  3 black mambas (D)
  3 cyclopes (D)
  A draconian zombie (D)
  7 moths of wrath (D)
  A cyclops (shapeshifter) (D)
  2 vault sentinels (D)
  A guardian serpent (D)
  2 sixfirhies (D)
  5 spiny frogs (D)
  An efreet (D)
  3 naga magi (D)
  2 orange demons (D)
  Psyche (D)
  2 yaktaurs (D)
  A white draconian zombie (D)
  2 komodo dragons (D)
  A demonic crawler (D)
  An elf (shapeshifter) (D)
  A deep elf priest (D)
  19 guardian mummies (D)
  4 jumping spiders (D)
  A freezing wraith (D)
  A small abomination (D)
  2 giant fireflies (D)
  A two-headed ogre (D)
  A merfolk (D)
  A slime creature (D)
  A bog body (D)
  2 wind drakes (D)
  A raven (D)
  A snapping turtle (D)
  A basilisk (D)
  7 shadows (D)
  5 redbacks (D)
  12 spriggans (D)
  2 ugly things (D)
  3 vampires (D)
  A yak (D)
  3 ynoxinuls (D)
  Grum (D)
  A neqoxec (D)
  5 golden eyes (D)
  4 wolves (D)
  3 vampire mosquitoes (D)
  A deep elf fighter (D)
  4 hogs (D)
  A water moccasin (D)
  2 mottled dragons (D)
  A chaos spawn (D)
  3 nagas (D)
  A yellow wasp (D)
  3 swamp drakes (D)
  2 necrophages (D)
  11 orc warriors (D)
  A centaur (D)
  A lost soul (D)
  A giant slug (D)
  A big kobold (D)
  3 giant frogs (D)
  A goliath beetle (D)
  3 orc priests (D)
  10 orc wizards (D)
  2 iguanas (D)
  A gnoll (D)
  An adder (D)
  2 green rats (D)
  A giant mite (D)
  A worm (D)
  2 orc zombies (D)
  2 giant eyeballs (D)
  2 giant geckos (D)
  An ooze (D)
  6 orcs (D)
  2 bats (D)
  A giant cockroach (D)
  3 hobgoblins (D)
  A bat simulacrum (D)
  A giant newt (D)
  A goblin (D)
  2 goblin skeletons (D)
  A goblin zombie (D)
  2 kobolds (D)
  A quokka (D)
  A rat skeleton (D)
543 creatures vanquished.

Vanquished Creatures (others)
  An ancient lich (D)
  A draconian scorcher (D)
  A green draconian (D)
  A draconian caller (D)
  A white draconian (D)
  An ice dragon (D)
  A draconian zombie (D)
  An iron devil (D)
  2 swamp drakes (D)
  A crocodile (D)
  A fungus (D)
  A plant (D)
13 creatures vanquished.

Grand Total: 556 creatures vanquished

Notes
Turn   | Place    | Note
--------------------------------------------------------------
     0 | D        | MDvedh, the Minotaur Fighter, began the quest for the Orb.
     0 | D        | Reached XP level 1. HP: 19/19 MP: 1/1
    10 | D        | Reached skill level 5 in Maces & Flails
    10 | D        | Reached XP level 2. HP: 19/26 MP: 1/1
    15 | D        | Reached skill level 6 in Maces & Flails
   168 | D        | Reached skill level 7 in Maces & Flails
   234 | D        | Found a glowing silver altar of Zin.
   234 | D        | Found a glowing golden altar of the Shining One.
   234 | D        | Found an ancient bone altar of Kikubaaqudgha.
   234 | D        | Found a basalt altar of Yredelemnul.
   234 | D        | Found a shimmering altar of Xom.
   234 | D        | Found a radiant altar of Vehumet.
   234 | D        | Found an iron altar of Okawaru.
   235 | D        | Found a burning altar of Makhleb.
   236 | D        | Found a deep blue altar of Sif Muna.
   237 | D        | Found a bloodstained altar of Trog.
   238 | D        | Found a sparkling altar of Nemelex Xobeh.
   239 | D        | Found a white marble altar of Elyvilon.
   240 | D        | Found a roughly hewn altar of Beogh.
   241 | D        | Found a viscous altar of Jiyva.
   242 | D        | Found a corrupted altar of Lugonu.
   243 | D        | Found a blossoming altar of Fedhas.
   244 | D        | Found a snail-covered altar of Cheibriados.
   245 | D        | Found a shadowy altar of Dithmenos.
   246 | D        | Found a stormy altar of Qazlal.
   247 | D        | Found an opulent altar of Gozag.
   265 | D        | Became a worshipper of Cheibriados the Contemplative
   322 | D        | Noticed a big kobold
   322 | D        | Noticed a centaur
   322 | D        | Noticed a goliath beetle
   326 | D        | Killed a big kobold
   326 | D        | Reached skill level 10 in Maces & Flails
   326 | D        | Reached XP level 3. HP: 31/31 MP: 2/2
   326 | D        | Reached XP level 4. HP: 39/39 MP: 2/2
   328 | D        | Killed a centaur
   328 | D        | Reached skill level 12 in Maces & Flails
   328 | D        | Reached XP level 5. HP: 45/45 MP: 2/2
   336 | D        | Killed a goliath beetle
   336 | D        | Reached skill level 13 in Maces & Flails
   353 | D        | Noticed a giant frog
   353 | D        | Noticed a cyclops
   353 | D        | Noticed an efreet
   353 | D        | Noticed a crocodile
   353 | D        | Noticed a centaur warrior
   353 | D        | Noticed a yellow wasp
   356 | D        | Killed a giant frog
   356 | D        | Acquired Cheibriados' first power
   356 | D        | Reached skill level 14 in Maces & Flails
   357 | D        | Killed a crocodile
   362 | D        | Killed a cyclops
   362 | D        | Reached skill level 5 in Invocations
   362 | D        | Reached XP level 6. HP: 51/61 MP: 2/9
   362 | D        | Reached XP level 7. HP: 56/67 MP: 2/9
   368 | D        | Killed an efreet
   368 | D        | Acquired Cheibriados' second power
   370 | D        | Killed a centaur warrior
   370 | D        | Reached XP level 8. HP: 60/78 MP: 2/13
   372 | D        | Killed a yellow wasp
   372 | D        | Acquired Cheibriados' third power
   468 | D        | Noticed Psyche
   470 | D        | Paralysed by Psyche for 5 turns
   477 | D        | Killed Psyche
   477 | D        | Reached skill level 10 in Fighting
   477 | D        | Reached skill level 10 in Armour
   607 | D        | Noticed an iguana
   607 | D        | Noticed a spiny frog
   609 | D        | Noticed an iguana
   613 | D        | Killed an iguana
   616 | D        | Killed a spiny frog
   624 | D        | Killed an iguana
   732 | D        | Noticed a komodo dragon
   732 | D        | Noticed a yak
   732 | D        | Noticed a giant slug
   732 | D        | Noticed a spiny frog
   732 | D        | Noticed a giant frog
   732 | D        | Noticed a komodo dragon
   732 | D        | Noticed a basilisk
   737 | D        | Noticed a spiny frog
   737 | D        | Killed a komodo dragon
   737 | D        | Reached XP level 9. HP: 62/89 MP: 19/19
   737 | D        | Killed a giant frog
   737 | D        | Killed a spiny frog
   738 | D        | Killed a yak
   738 | D        | Reached skill level 10 in Invocations
   738 | D        | Killed a spiny frog
   738 | D        | Killed a basilisk
   740 | D        | Killed a giant slug
   741 | D        | Noticed a spiny frog
   742 | D        | Killed a komodo dragon
   746 | D        | Killed a spiny frog
   990 | D        | Noticed a lindwurm
   990 | D        | Noticed a lindwurm
   990 | D        | Noticed a giant firefly
   990 | D        | Noticed a lindwurm
   990 | D        | Noticed a lindwurm
   990 | D        | Noticed a lindwurm
   991 | D        | Killed a giant firefly
   992 | D        | Killed a lindwurm
   992 | D        | Reached XP level 10. HP: 77/102 MP: 15/21
   993 | D        | Killed a lindwurm
   993 | D        | Killed a lindwurm
   993 | D        | Killed a lindwurm
   993 | D        | Killed a lindwurm
   993 | D        | Reached skill level 15 in Fighting
   993 | D        | Reached skill level 15 in Armour
   994 | D        | Noticed a lindwurm
  1001 | D        | Killed a lindwurm
  1124 | D        | Noticed a wolf
  1126 | D        | Killed a wolf
  1206 | D        | Noticed Grum
  1207 | D        | Noticed a wolf
  1208 | D        | Noticed a wolf
  1209 | D        | Noticed a wolf
  1210 | D        | Killed Grum
  1213 | D        | Killed a wolf
  1214 | D        | Killed a wolf
  1215 | D        | Killed a wolf
  1241 | D        | Noticed Joseph
  1255 | D        | Killed Joseph
  1255 | D        | Reached skill level 16 in Armour
  1335 | D        | Noticed an orc warrior
  1335 | D        | Noticed an orc priest
  1335 | D        | Noticed an orc priest
  1335 | D        | Noticed an orc warrior
  1336 | D        | Killed an orc warrior
  1336 | D        | Killed an orc priest
  1336 | D        | Killed an orc priest
  1338 | D        | Noticed an orc wizard
  1339 | D        | Noticed an orc warrior
  1340 | D        | Killed an orc warrior
  1342 | D        | Noticed an orc wizard
  1344 | D        | Killed an orc warrior
  1344 | D        | Reached XP level 11. HP: 114/114 MP: 19/24
  1346 | D        | Killed an orc wizard
  1349 | D        | Killed an orc wizard
  1461 | D        | Noticed an orc warrior
  1461 | D        | Noticed an orc knight
  1461 | D        | Noticed an orc warrior
  1461 | D        | Noticed an orc knight
  1461 | D        | Noticed an orc warrior
  1461 | D        | Noticed an orc warrior
  1461 | D        | Noticed an orc warrior
  1462 | D        | Noticed an orc warrior
  1464 | D        | Killed an orc warrior
  1464 | D        | Killed an orc warrior
  1464 | D        | Killed an orc warrior
  1464 | D        | Killed an orc warrior
  1464 | D        | Killed an orc warrior
  1464 | D        | Killed an orc warrior
  1467 | D        | Killed an orc knight
  1468 | D        | Noticed an orc priest
  1469 | D        | Noticed an orc warrior
  1472 | D        | Killed an orc knight
  1473 | D        | Noticed an orc wizard
  1474 | D        | Noticed an orc warrior
  1477 | D        | Killed an orc warrior
  1479 | D        | Killed an orc priest
  1482 | D        | Killed an orc warrior
  1485 | D        | Killed an orc wizard
  1818 | D        | Found Strakich's Magic Scroll Emporium.
  1818 | D        | Noticed an orc sorcerer
  1818 | D        | Noticed an orc wizard
  1818 | D        | Noticed an orc wizard
  1818 | D        | Noticed an orc wizard
  1818 | D        | Noticed an orc sorcerer
  1818 | D        | Noticed an orc wizard
  1819 | D        | Killed an orc wizard
  1819 | D        | Killed an orc wizard
  1819 | D        | Killed an orc wizard
  1819 | D        | Killed an orc wizard
  1821 | D        | Noticed an orc sorcerer
  1821 | D        | Killed an orc sorcerer
  1821 | D        | Reached skill level 17 in Armour
  1822 | D        | Found Usutonic's Weapon Shoppe.
  1823 | D        | Noticed an orc sorcerer
  1824 | D        | Killed an orc sorcerer
  1825 | D        | Killed an orc sorcerer
  1825 | D        | Killed an orc sorcerer
  1826 | D        | Found Fein's Antique Weapon Emporium.
  1841 | D        | Found Pligg's Gadget Shoppe.
  1843 | D        | Noticed an orc sorcerer
  1844 | D        | Noticed an orc sorcerer
  1845 | D        | Noticed an orc wizard
  1845 | D        | Killed an orc wizard
  1846 | D        | Killed an orc sorcerer
  1846 | D        | Killed an orc sorcerer
  1847 | D        | Bought a scroll of enchant armour for 82 gold pieces
  1848 | D        | Noticed an orc wizard
  1849 | D        | Noticed an orc wizard
  1851 | D        | Killed an orc wizard
  1853 | D        | Killed an orc wizard
  2019 | D        | Noticed Erolcha
  2026 | D        | Killed Erolcha
  2026 | D        | Reached skill level 15 in Invocations
  2204 | D        | Noticed a fire dragon
  2204 | D        | Noticed a slime creature
  2204 | D        | Noticed a centaur warrior
  2204 | D        | Noticed a catoblepas
  2204 | D        | Noticed a manticore
  2204 | D        | Noticed a two-headed ogre
  2206 | D        | Killed a centaur warrior
  2206 | D        | Reached skill level 18 in Armour
  2206 | D        | Killed a two-headed ogre
  2207 | D        | Killed a manticore
  2207 | D        | Reached skill level 5 in Shields
  2210 | D        | Noticed a hill giant
  2211 | D        | Noticed a centaur warrior
  2224 | D        | Noticed a tengu reaver
  2234 | D        | Killed a fire dragon
  2234 | D        | Killed a slime creature
  2238 | D        | Killed a hill giant
  2241 | D        | Killed a centaur warrior
  2241 | D        | Reached XP level 12. HP: 57/128 MP: 23/27
  2243 | D        | Killed a catoblepas
  2244 | D        | Killed a tengu reaver
  2256 | D        | Noticed an ogre mage
  2270 | D        | Killed an ogre mage
  2270 | D        | Reached skill level 19 in Armour
  2419 | D        | Noticed a vampire
  2427 | D        | Killed a vampire
  2489 | D        | Noticed a rakshasa
  2490 | D        | Noticed a dire elephant
  2504 | D        | Killed a dire elephant
  2510 | D        | Killed a rakshasa
  2653 | D        | Noticed a hog
  2654 | D        | Noticed a hog
  2655 | D        | Noticed Kirke
  2656 | D        | Killed a hog
  2658 | D        | Killed a hog
  2659 | D        | Noticed a hog
  2660 | D        | Noticed a hog
  2663 | D        | Killed a hog
  2663 | D        | Killed a hog
  2669 | D        | Killed Kirke
  2669 | D        | Reached skill level 10 in Shields
  2671 | D        | Noticed a human
  2912 | D        | Noticed a naga ritualist
  2912 | D        | Noticed a black mamba
  2912 | D        | Noticed a black mamba
  2912 | D        | Noticed a naga
  2912 | D        | Noticed a salamander
  2912 | D        | Noticed a naga mage
  2912 | D        | Noticed a black mamba
  2913 | D        | Noticed a naga sharpshooter
  2920 | D        | Killed a naga ritualist
  2921 | D        | Killed a black mamba
  2922 | D        | Noticed a shock serpent
  2925 | D        | Killed a black mamba
  2931 | D        | Killed a salamander
  2933 | D        | Killed a naga mage
  2934 | D        | Killed a naga
  2937 | D        | Killed a black mamba
  2944 | D        | Killed a naga sharpshooter
  2948 | D        | Killed a shock serpent
  2948 | D        | Reached skill level 20 in Armour
  3283 | D        | Noticed a jumping spider
  3283 | D        | Noticed a wolf spider
  3283 | D        | Noticed a redback
  3283 | D        | Noticed a jumping spider
  3283 | D        | Noticed a redback
  3283 | D        | Noticed a moth of wrath
  3284 | D        | Killed a jumping spider
  3284 | D        | Killed a redback
  3284 | D        | Killed a redback
  3284 | D        | Killed a jumping spider
  3285 | D        | Killed a wolf spider
  3286 | D        | Noticed a jumping spider
  3287 | D        | Noticed a redback
  3290 | D        | Killed a ghost moth
  3290 | D        | Reached XP level 13. HP: 118/139 MP: 0/29
  3292 | D        | Killed a moth of wrath
  3298 | D        | Killed a jumping spider
  3300 | D        | Killed a redback
  3605 | D        | Noticed a griffon
  3605 | D        | Noticed a sea snake
  3605 | D        | Noticed a satyr
  3605 | D        | Noticed a merfolk aquamancer
  3605 | D        | Noticed a water nymph
  3605 | D        | Noticed a wind drake
  3605 | D        | Noticed a snapping turtle
  3608 | D        | Killed a wind drake
  3609 | D        | Killed a griffon
  3609 | D        | Killed a sea snake
  3609 | D        | Killed a water nymph
  3610 | D        | Noticed a merfolk
  3610 | D        | Killed a satyr
  3610 | D        | Killed a merfolk aquamancer
  3612 | D        | Killed a merfolk
  3614 | D        | Noticed a wind drake
  3619 | D        | Killed a snapping turtle
  3622 | D        | Killed a wind drake
  3756 | D        | Noticed a spiny frog
  3756 | D        | Noticed a six-headed hydra
  3756 | D        | Noticed a vampire mosquito
  3756 | D        | Noticed a water moccasin
  3756 | D        | Noticed a spriggan rider
  3756 | D        | Noticed a bog body
  3757 | D        | Killed a vampire mosquito
  3757 | D        | Killed a water moccasin
  3758 | D        | Killed a spiny frog
  3758 | D        | Killed a spriggan
  3759 | D        | Killed a six-headed hydra
  3759 | D        | Reached skill level 21 in Armour
  3760 | D        | Killed a giant firefly
  3760 | D        | Killed a bog body
  3761 | D        | Noticed a vampire mosquito
  3766 | D        | Killed a vampire mosquito
  3892 | D        | Noticed Norris
  3893 | D        | Paralysed by Norris for 4 turns
  3913 | D        | Killed Norris
  3980 | D        | Noticed a death yak
  3980 | D        | Noticed an emperor scorpion
  3980 | D        | Noticed a stone giant
  3980 | D        | Noticed an ice dragon
  3980 | D        | Noticed a fire dragon
  3980 | D        | Noticed a white very ugly thing
  3980 | D        | Noticed a lich
  3984 | D        | Killed a lich
  3985 | D        | Noticed a frost giant
  3985 | D        | Killed a death yak
  3985 | D        | Killed a fire dragon
  3985 | D        | Killed a white very ugly thing
  3985 | D        | Reached skill level 15 in Shields
  3986 | D        | Noticed a spriggan berserker
  3989 | D        | Killed a stone giant
  3989 | D        | Killed an ice dragon
  3989 | D        | Reached skill level 22 in Armour
  3993 | D        | Killed an emperor scorpion
  4004 | D        | Noticed a dire elephant
  4012 | D        | Killed a frost giant
  4018 | D        | Killed a spriggan berserker
  4018 | D        | Reached XP level 14. HP: 95/154 MP: 5/31
  4037 | D        | Killed a dire elephant
  4200 | D        | Noticed a fire dragon
  4201 | D        | Noticed an ogre mage
  4202 | D        | Noticed a rakshasa
  4206 | D        | Killed a fire dragon
  4206 | D        | Killed an ogre mage
  4208 | D        | Noticed a wizard
  4209 | D        | Killed a rakshasa
  4210 | D        | Killed a rakshasa
  4210 | D        | Killed a rakshasa
  4343 | D        | Noticed a wizard
  4344 | D        | Noticed an iron troll
  4345 | D        | Noticed a fire dragon
  4345 | D        | Noticed a vampire
  4348 | D        | Killed a vampire
  4349 | D        | Killed a wizard
  4355 | D        | Killed a fire dragon
  4358 | D        | Killed an iron troll
  4584 | D        | Noticed an ironheart preserver
  4584 | D        | Noticed a rakshasa
  4584 | D        | Noticed a fire dragon
  4584 | D        | Noticed a vault warden
  4584 | D        | Noticed a vampire mosquito
  4584 | D        | Noticed an ironbrand convoker
  4584 | D        | Noticed a mottled dragon
  4585 | D        | Killed a vampire mosquito
  4586 | D        | Killed a mottled dragon
  4587 | D        | Killed an ironbrand convoker
  4588 | D        | Noticed a wolf spider
  4589 | D        | Killed an ironheart preserver
  4591 | D        | Noticed a cyclops
  4593 | D        | Killed a rakshasa
  4593 | D        | Reached skill level 23 in Armour
  4594 | D        | Noticed a hill giant
  4595 | D        | Killed a fire dragon
  4601 | D        | Killed a vault warden
  4608 | D        | Killed a wolf spider
  4610 | D        | Killed a cyclops
  4611 | D        | Noticed an ironheart preserver
  4612 | D        | Noticed a vault warden
  4616 | D        | Killed a hill giant
  4617 | D        | Noticed a baby alligator
  4617 | D        | Killed an ironheart preserver
  4617 | D        | a baby alligator changed into an elf
  4619 | D        | Noticed a stone giant
  4629 | D        | Killed a vault warden
  4637 | D        | Killed a stone giant
  4999 | D        | Noticed a red wasp
  5000 | D        | Noticed a yaktaur
  5000 | D        | Noticed an ogre mage
  5006 | D        | Killed a red wasp
  5007 | D        | Noticed a vault warden
  5008 | D        | Noticed a freezing wraith
  5010 | D        | Killed a yaktaur
  5012 | D        | Noticed a sphinx
  5014 | D        | Killed an ogre mage
  5025 | D        | Killed a vault warden
  5027 | D        | Killed a freezing wraith
  5033 | D        | Killed a sphinx
  5033 | D        | Reached skill level 24 in Armour
  5034 | D        | Noticed a vault warden
  5046 | D        | Killed a vault warden
  5182 | D        | Noticed Xtahua
  5187 | D        | Noticed Mara
  5188 | D        | Noticed Mennas
  5189 | D        | Noticed MDvedh's illusion
  5191 | D        | Noticed Nikola
  5192 | D        | Killed Mennas
  5196 | D        | Killed Mara
  5196 | D        | Killed Xtahua
  5196 | D        | Reached skill level 25 in Armour
  5196 | D        | Reached XP level 15. HP: 40/168 MP: 32/34
  5198 | D        | HP: 1/168 [Nikola/bolt of lightning (47)]
  5207 | D        | Noticed Louise
  5211 | D        | Killed Nikola
  5225 | D        | Killed Louise
  5317 | D        | Noticed Jory
  5331 | D        | Killed Jory
  5584 | D        | Noticed a hell knight
  5585 | D        | Noticed a hell knight
  5586 | D        | Noticed Margery
  5587 | D        | Noticed a hell knight
  5588 | D        | Noticed a necromancer
  5590 | D        | Noticed Boris
  5592 | D        | Killed a hell knight
  5606 | D        | Killed Margery
  5608 | D        | Killed a hell knight
  5608 | D        | Reached skill level 26 in Armour
  5609 | D        | Noticed Frederick
  5612 | D        | Killed a hell knight
  5613 | D        | Killed a necromancer
  5628 | D        | Killed Boris
  5638 | D        | Killed Frederick
  6168 | D        | Noticed a five-headed hydra
  6168 | D        | Noticed a four-headed hydra
  6168 | D        | Noticed a swamp drake
  6168 | D        | Noticed a swamp dragon
  6168 | D        | Noticed a swamp drake
  6168 | D        | Noticed a swamp drake
  6168 | D        | Noticed a raven
  6174 | D        | Killed a five-headed hydra
  6178 | D        | Noticed a swamp dragon
  6179 | D        | Noticed a swamp drake
  6184 | D        | Killed a four-headed hydra
  6185 | D        | Noticed a swamp dragon
  6185 | D        | Killed a swamp drake
  6186 | D        | Killed a swamp drake
  6194 | D        | Killed a swamp drake
  6198 | D        | Killed a raven
  6199 | D        | Killed a swamp dragon
  6199 | D        | Killed a swamp drake
  6202 | D        | Killed a swamp dragon
  6204 | D        | Killed a swamp dragon
  6205 | D        | Noticed a seven-headed hydra
  6206 | D        | Noticed a seven-headed hydra
  6206 | D        | Noticed a five-headed hydra
  6436 | D        | Killed a seven-headed hydra
  6444 | D        | Killed a seven-headed hydra
  6444 | D        | Reached skill level 27 in Armour
  6447 | D        | Killed a five-headed hydra
  6447 | D        | Reached skill level 27 in Fighting
  6513 | D        | Got a decaying rune of Zot
  6520 | D        | Noticed a greater naga
  6520 | D        | Noticed a greater naga
  6520 | D        | Noticed a naga
  6520 | D        | Noticed a greater naga
  6520 | D        | Noticed a greater naga
  6520 | D        | Noticed a greater naga
  6520 | D        | Noticed a greater naga
  6525 | D        | Killed a greater naga
  6529 | D        | Noticed a naga
  6530 | D        | Killed a greater naga
  6532 | D        | Killed a greater naga
  6533 | D        | Noticed a greater naga
  6534 | D        | Killed a naga
  6535 | D        | Noticed a guardian serpent
  6535 | D        | Noticed a naga mage
  6539 | D        | Killed a greater naga
  6540 | D        | Noticed a naga mage
  6540 | D        | Killed a naga mage
  6541 | D        | Killed a naga
  6545 | D        | Killed a greater naga
  6547 | D        | Noticed a greater naga
  6549 | D        | Killed a greater naga
  6554 | D        | Killed a greater naga
  6557 | D        | Killed a greater naga
  6557 | D        | Reached XP level 16. HP: 130/183 MP: 36/36
  6559 | D        | Killed a naga mage
  6564 | D        | Killed a guardian serpent
  6579 | D        | Got a serpentine rune of Zot
  6586 | D        | Noticed a merfolk aquamancer
  6586 | D        | Noticed a merfolk aquamancer
  6586 | D        | Noticed a merfolk impaler
  6586 | D        | Noticed a merfolk javelineer
  6586 | D        | Noticed a merfolk javelineer
  6586 | D        | Noticed a merfolk impaler
  6586 | D        | Noticed Ilsuiw
  6587 | D        | Noticed a merfolk aquamancer
  6590 | D        | Killed a merfolk aquamancer
  6590 | D        | Killed a merfolk aquamancer
  6590 | D        | Killed a merfolk aquamancer
  6591 | D        | Noticed a merfolk javelineer
  6591 | D        | Killed a merfolk javelineer
  6591 | D        | Killed a merfolk impaler
  6592 | D        | Killed a merfolk javelineer
  6592 | D        | Killed a merfolk impaler
  6593 | D        | Noticed a merfolk javelineer
  6595 | D        | Noticed a merfolk aquamancer
  6596 | D        | Killed Ilsuiw
  6596 | D        | Killed a merfolk javelineer
  6596 | D        | Reached skill level 27 in Invocations
  6597 | D        | Noticed a merfolk aquamancer
  6599 | D        | Killed a merfolk aquamancer
  6599 | D        | Reached skill level 1 in Dodging
  6600 | D        | Killed a merfolk javelineer
  6601 | D        | Noticed a merfolk javelineer
  6601 | D        | Killed a merfolk aquamancer
  6614 | D        | Killed a merfolk javelineer
  6955 | D        | Got a barnacled rune of Zot
  6962 | D        | Noticed an emperor scorpion
  6962 | D        | Noticed a ghost moth
  6962 | D        | Noticed an emperor scorpion
  6962 | D        | Noticed an emperor scorpion
  6962 | D        | Noticed an emperor scorpion
  6962 | D        | Noticed a ghost moth
  6962 | D        | Noticed a ghost moth
  6974 | D        | Killed an emperor scorpion
  6974 | D        | Reached skill level 15 in Maces & Flails
  6974 | D        | Reached skill level 5 in Dodging
  6976 | D        | Killed a ghost moth
  6977 | D        | Noticed a wolf spider
  6987 | D        | Killed an emperor scorpion
  6991 | D        | Noticed a demonic crawler
  6992 | D        | Killed an emperor scorpion
  6997 | D        | Killed an emperor scorpion
  7000 | D        | Killed a ghost moth
  7001 | D        | Noticed a redback
  7008 | D        | Killed a ghost moth
  7011 | D        | Killed a wolf spider
  7015 | D        | Killed a demonic crawler
  7017 | D        | Killed a redback
  7157 | D        | Noticed a jumping spider
  7158 | D        | Noticed an emperor scorpion
  7158 | D        | Noticed a redback
  7161 | D        | Killed a jumping spider
  7171 | D        | Killed an emperor scorpion
  7173 | D        | Killed a redback
  7208 | D        | Got a gossamer rune of Zot
  7321 | D        | Noticed a vault guard
  7321 | D        | Noticed a vault guard
  7321 | D        | Noticed a vault guard
  7321 | D        | Noticed a vault guard
  7321 | D        | Noticed a vault guard
  7321 | D        | Noticed a vault guard
  7321 | D        | Noticed a vault guard
  7322 | D        | Noticed a vault guard
  7325 | D        | Killed a vault guard
  7326 | D        | Noticed a vault guard
  7328 | D        | Killed a vault guard
  7328 | D        | Reached skill level 10 in Dodging
  7329 | D        | Noticed a vault guard
  7333 | D        | Killed a vault guard
  7334 | D        | Noticed a vault guard
  7338 | D        | Killed a vault guard
  7339 | D        | Noticed a vault guard
  7343 | D        | Killed a vault guard
  7344 | D        | Noticed a vault guard
  7349 | D        | Killed a vault guard
  7355 | D        | Killed a vault guard
  7358 | D        | Killed a vault guard
  7359 | D        | Noticed a vault guard
  7360 | D        | Noticed a vault guard
  7363 | D        | Killed a vault guard
  7364 | D        | Noticed a vault guard
  7369 | D        | Killed a vault guard
  7370 | D        | Noticed a vault guard
  7371 | D        | Noticed a vault guard
  7380 | D        | Killed a vault guard
  7385 | D        | Killed a vault guard
  7387 | D        | Noticed a vault guard
  7388 | D        | Noticed a vault guard
  7397 | D        | Killed a vault guard
  7400 | D        | Killed a vault guard
  7406 | D        | Killed a vault guard
  7414 | D        | Killed a vault guard
  7415 | D        | Noticed a vault guard
  7418 | D        | Noticed a vault guard
  7420 | D        | Killed a vault guard
  7423 | D        | Killed a vault guard
  7430 | D        | Killed a vault guard
  7435 | D        | Killed a vault guard
  7436 | D        | Noticed a vault guard
  7439 | D        | Killed a vault guard
  7440 | D        | Noticed a vault guard
  7444 | D        | Killed a vault guard
  7448 | D        | Killed a vault guard
  7449 | D        | Noticed a vault guard
  7453 | D        | Killed a vault guard
  7461 | D        | Killed a vault guard
  7498 | D        | Noticed a deep elf conjurer
  7498 | D        | Noticed a vault sentinel
  7498 | D        | Noticed an ettin
  7498 | D        | Noticed a vault warden
  7498 | D        | Noticed a deep elf priest
  7498 | D        | Noticed an ironheart preserver
  7498 | D        | Noticed a yaktaur captain
  7501 | D        | Killed an ironheart preserver
  7502 | D        | Killed a deep elf conjurer
  7502 | D        | Killed a deep elf priest
  7503 | D        | Noticed a vault sentinel
  7503 | D        | Killed a vault sentinel
  7504 | D        | Noticed an iron troll
  7504 | D        | Killed an ettin
  7506 | D        | Noticed an ironbrand convoker
  7507 | D        | Noticed a yaktaur
  7508 | D        | Noticed a shadow dragon
  7509 | D        | Killed a vault warden
  7509 | D        | Reached XP level 17. HP: 180/191 MP: 19/38
  7511 | D        | Killed a yaktaur captain
  7511 | D        | Reached skill level 15 in Dodging
  7513 | D        | Noticed an ironheart preserver
  7513 | D        | Killed a vault sentinel
  7514 | D        | Killed an ironbrand convoker
  7514 | D        | Killed a yaktaur
  7516 | D        | Noticed a shadow dragon
  7519 | D        | Killed an iron troll
  7519 | D        | Killed an ironheart preserver
  7520 | D        | Noticed an ironbrand convoker
  7522 | D        | Killed a shadow dragon
  7522 | D        | Killed an ironbrand convoker
  7523 | D        | Noticed an iron troll
  7524 | D        | Killed a shadow dragon
  7525 | D        | Noticed an ettin
  7534 | D        | Killed an iron troll
  7538 | D        | Killed an ettin
  7689 | D        | Noticed a lich
  7689 | D        | Noticed a shadow dragon
  7689 | D        | Noticed a war gargoyle
  7689 | D        | Noticed a quicksilver dragon
  7689 | D        | Noticed a deep elf fighter
  7689 | D        | Noticed a shadow dragon
  7689 | D        | Noticed a tentacled monstrosity
  7690 | D        | Noticed a shadow dragon
  7692 | D        | Killed a war gargoyle
  7692 | D        | Killed a deep elf fighter
  7693 | D        | Killed a quicksilver dragon
  7694 | D        | Killed a lich
  7695 | D        | Killed a shadow dragon
  7695 | D        | Killed a tentacled monstrosity
  7696 | D        | Noticed a golden dragon
  7696 | D        | Killed a shadow dragon
  7697 | D        | Killed a shadow dragon
  7702 | D        | Killed a golden dragon
  7971 | D        | Got a polished ring mail
  7972 | D        | Identified the +0 ring mail of the Twelve Souls {rN+} (You found it in the Dungeon)
  7976 | D        | Got a silver rune of Zot
  8064 | D        | Got the ring "Schiat" {+Blink +Rage Str+3 Dex-1}
  8067 | D        | Got the ring of Nuev {rPois Int+2 Regen}
  8069 | D        | Got the ring "Ghexosun" {Str+3 Acc+1}
  8074 | D        | Got the ring of Obyenyp {Dex+2 Int+3}
  8102 | D        | Got the +0 pair of gloves of the Storm King {Str+4 Curse}
  9217 | D        | Noticed a shadow
  9217 | D        | Noticed a red ugly thing
  9217 | D        | Noticed a mottled dragon
  9217 | D        | Noticed a cyclops
  9217 | D        | Noticed a green ugly thing
  9218 | D        | Killed a shadow
  9222 | D        | Noticed a giant frog
  9222 | D        | Killed a red ugly thing
  9223 | D        | Noticed a shadow
  9224 | D        | Killed a mottled dragon
  9234 | D        | Killed a cyclops
  9238 | D        | Killed a green ugly thing
  9241 | D        | Killed a giant frog
  9244 | D        | Killed a shadow
  9250 | D        | Noticed a storm dragon
  9250 | D        | Noticed a golden dragon
  9250 | D        | Noticed a bone dragon
  9250 | D        | Noticed a fire dragon
  9250 | D        | Noticed an ice dragon
  9250 | D        | Noticed a golden dragon
  9250 | D        | Noticed a mottled draconian
  9259 | D        | Noticed a grey draconian
  9259 | D        | Killed a storm dragon
  9261 | D        | Noticed a black draconian
  9266 | D        | Killed a golden dragon
  9269 | D        | Killed a fire dragon
  9270 | D        | Killed an ice dragon
  9270 | D        | Killed a mottled draconian
  9271 | D        | Noticed a white draconian
  9272 | D        | Killed a golden dragon
  9276 | D        | Killed a grey draconian
  9277 | D        | Noticed a mottled draconian
  9278 | D        | Killed a bone dragon
  9278 | D        | Killed a black draconian
  9279 | D        | Noticed an ice dragon
  9287 | D        | Killed a white draconian
  9296 | D        | Killed a mottled draconian
  9302 | D        | Killed an ice dragon
  9404 | D        | Noticed a storm dragon
  9404 | D        | Noticed a moth of wrath
  9404 | D        | Noticed a death cob
  9404 | D        | Noticed a white draconian
  9404 | D        | Noticed a purple draconian
  9404 | D        | Noticed a death cob
  9404 | D        | Noticed a tentacled monstrosity
  9408 | D        | Killed a storm dragon
  9410 | D        | Killed a moth of wrath
  9412 | D        | Killed a death cob
  9417 | D        | Killed a white draconian
  9420 | D        | Killed a purple draconian
  9426 | D        | Killed a death cob
  9430 | D        | Killed a tentacled monstrosity
  9444 | D        | Noticed a tentacled monstrosity
  9444 | D        | Noticed a golden dragon
  9444 | D        | Noticed an ice dragon
  9444 | D        | Noticed a green draconian
  9444 | D        | Noticed an orb of fire
  9444 | D        | Noticed a purple draconian scorcher
  9444 | D        | Noticed a pale draconian
  9448 | D        | Killed an orb of fire
  9448 | D        | Reached XP level 18. HP: 198/200 MP: 23/38
  9448 | D        | Killed a green draconian
  9448 | D        | Killed an ice dragon
  9449 | D        | Noticed a mottled draconian
  9449 | D        | Killed a purple draconian scorcher
  9449 | D        | Reached skill level 27 in Shields
  9449 | D        | Killed a pale draconian
  9452 | D        | Killed a tentacled monstrosity
  9454 | D        | Killed a golden dragon
  9460 | D        | Killed a mottled draconian
  9553 | D        | Noticed a green draconian monk
  9553 | D        | Noticed an ice dragon
  9553 | D        | Noticed a green draconian knight
  9553 | D        | Noticed a tentacled monstrosity
  9553 | D        | Noticed a moth of wrath
  9553 | D        | Noticed a purple draconian
  9553 | D        | Noticed a white draconian
  9557 | D        | Killed a green draconian monk
  9557 | D        | Reached skill level 27 in Maces & Flails
  9558 | D        | Noticed a pale draconian caller
  9563 | D        | Killed an ice dragon
  9564 | D        | Noticed a red draconian scorcher
  9569 | D        | Killed a moth of wrath
  9570 | D        | Killed a green draconian knight
  9570 | D        | Killed a pale draconian caller
  9570 | D        | Killed a white draconian
  9570 | D        | Killed a red draconian scorcher
  9574 | D        | Killed a tentacled monstrosity
  9579 | D        | Killed a purple draconian
  9635 | D        | Noticed a moth of wrath
  9635 | D        | Noticed a yellow draconian scorcher
  9635 | D        | Noticed a pale draconian
  9635 | D        | Noticed a grey draconian scorcher
  9635 | D        | Noticed a grey draconian
  9635 | D        | Noticed a storm dragon
  9635 | D        | Noticed a tentacled monstrosity
  9636 | D        | Killed a moth of wrath
  9637 | D        | Noticed a yellow draconian monk
  9644 | D        | Killed a yellow draconian scorcher
  9647 | D        | Noticed a grey draconian zealot
  9650 | D        | Killed a pale draconian
  9656 | D        | Killed a grey draconian scorcher
  9659 | D        | Killed a grey draconian
  9667 | D        | Killed a storm dragon
  9672 | D        | Killed a tentacled monstrosity
  9677 | D        | Killed a yellow draconian monk
  9677 | D        | Reached skill level 27 in Dodging
  9688 | D        | Reached skill level 1 in Stealth
  9688 | D        | Reached skill level 1 in Unarmed Combat
  9688 | D        | Reached skill level 1 in Evocations
  9705 | D        | Killed a grey draconian zealot
  9705 | D        | Reached skill level 1 in Spellcasting
  9815 | D        | Noticed an Orb Guardian
  9815 | D        | Noticed an Orb Guardian
  9815 | D        | Noticed an Orb Guardian
  9815 | D        | Noticed an Orb Guardian
  9815 | D        | Noticed an Orb Guardian
  9815 | D        | Noticed an Orb Guardian
  9815 | D        | Noticed an Orb Guardian
  9818 | D        | Killed an Orb Guardian
  9819 | D        | Killed an Orb Guardian
  9819 | D        | Reached skill level 5 in Stealth
  9819 | D        | Reached skill level 5 in Evocations
  9819 | D        | Killed an Orb Guardian
  9819 | D        | Killed an Orb Guardian
  9819 | D        | Reached skill level 5 in Spellcasting
  9819 | D        | Killed an Orb Guardian
  9819 | D        | Killed an Orb Guardian
  9819 | D        | Killed an Orb Guardian
  9875 | D        | Noticed an Orb Guardian
  9876 | D        | Noticed an Orb Guardian
  9882 | D        | Killed an Orb Guardian
  9888 | D        | Killed an Orb Guardian
  9888 | D        | Reached skill level 10 in Evocations
  9889 | D        | Noticed an Orb Guardian
  9899 | D        | Killed an Orb Guardian
  9899 | D        | Reached skill level 10 in Stealth
  9907 | D        | Noticed a storm dragon
  9907 | D        | Noticed a ghost moth
  9907 | D        | Noticed an Orb Guardian
  9907 | D        | Noticed an Orb Guardian
  9907 | D        | Noticed a storm dragon
  9907 | D        | Noticed a death cob
  9907 | D        | Noticed an Orb Guardian
  9908 | D        | Noticed an Orb Guardian
  9909 | D        | Killed a death cob
  9912 | D        | Killed a storm dragon
  9917 | D        | Killed a ghost moth
  9926 | D        | Killed an Orb Guardian
  9930 | D        | Killed an Orb Guardian
  9933 | D        | Killed a storm dragon
  9936 | D        | Killed an Orb Guardian
  9942 | D        | Killed an Orb Guardian
  9942 | D        | Reached XP level 19. HP: 200/207 MP: 4/39
 10081 | D        | Noticed an ancient lich
 10089 | D        | Killed an ancient lich
 10089 | D        | Reached skill level 10 in Spellcasting
 10091 | D        | Noticed an orb of fire
 10098 | D        | Killed an orb of fire
 10098 | D        | Reached skill level 15 in Evocations
 10316 | D        | Noticed an electric golem
 10327 | D        | Killed an electric golem
 10332 | D        | Noticed an orb of fire
 10332 | D        | Noticed an orb of fire
 10332 | D        | Noticed an Orb Guardian
 10332 | D        | Noticed an electric golem
 10332 | D        | Noticed a death cob
 10332 | D        | Noticed a moth of wrath
 10332 | D        | Noticed an Orb Guardian
 10333 | D        | Killed a death cob
 10334 | D        | Killed a moth of wrath
 10335 | D        | Killed an Orb Guardian
 10335 | D        | Killed an Orb Guardian
 10335 | D        | Reached skill level 15 in Stealth
 10336 | D        | Killed an orb of fire
 10336 | D        | Killed an orb of fire
 10336 | D        | Killed an electric golem
 10337 | D        | Noticed an orb of fire
 10605 | D        | Noticed a shadow dragon
 10609 | D        | Killed an orb of fire
 10611 | D        | Killed a shadow dragon
 10691 | D        | Noticed an electric golem
 10692 | D        | Noticed a shadow dragon
 10693 | D        | Noticed an ancient lich
 10693 | D        | Noticed a pale draconian monk
 10694 | D        | Noticed an ancient lich
 10699 | D        | Killed an electric golem
 10701 | D        | Killed an ancient lich
 10701 | D        | Killed an ancient lich
 10701 | D        | Reached skill level 15 in Spellcasting
 10702 | D        | Killed a shadow dragon
 10702 | D        | Killed a pale draconian monk
 10939 | D        | Noticed an Orb Guardian
 10939 | D        | Noticed an Orb Guardian
 10939 | D        | Noticed an Orb Guardian
 10939 | D        | Noticed an Orb Guardian
 10939 | D        | Noticed an Orb Guardian
 10939 | D        | Noticed an Orb Guardian
 10939 | D        | Noticed a moth of wrath
 10940 | D        | Noticed an Orb Guardian
 10943 | D        | Killed an Orb Guardian
 10943 | D        | Killed an Orb Guardian
 10943 | D        | Killed an Orb Guardian
 10943 | D        | Killed an Orb Guardian
 10945 | D        | Killed an Orb Guardian
 10945 | D        | Reached XP level 20. HP: 216/216 MP: 25/40
 10950 | D        | Killed an Orb Guardian
 10951 | D        | Noticed an Orb Guardian
 10954 | D        | Killed a moth of wrath
 10955 | D        | Noticed an Orb Guardian
 10957 | D        | Killed an Orb Guardian
 10962 | D        | Killed an Orb Guardian
 10963 | D        | Noticed an Orb Guardian
 10968 | D        | Killed an Orb Guardian
 10969 | D        | Noticed an Orb Guardian
 10970 | D        | Noticed a moth of wrath
 10978 | D        | Killed an Orb Guardian
 10979 | D        | Noticed an Orb Guardian
 10983 | D        | Killed an Orb Guardian
 10990 | D        | Killed a moth of wrath
 10993 | D        | Killed an Orb Guardian
 11247 | D        | Noticed an ancient lich
 11247 | D        | Noticed a lich
 11247 | D        | Noticed an ancient lich
 11247 | D        | Noticed a vampire knight
 11247 | D        | Noticed a vampire knight
 11247 | D        | Noticed a lich
 11247 | D        | Noticed a vampire knight
 11252 | D        | Killed a vampire knight
 11252 | D        | Killed a vampire knight
 11252 | D        | Killed a vampire knight
 11253 | D        | Noticed an ancient lich
 11253 | D        | Killed a lich
 11253 | D        | Killed a lich
 11254 | D        | Killed an ancient lich
 11255 | D        | Killed an ancient lich
 11256 | D        | Noticed a vampire knight
 11264 | D        | Killed an ancient lich
 11271 | D        | Noticed an ancient lich
 11274 | D        | Killed a vampire knight
 11276 | D        | Noticed an ancient lich
 11284 | D        | Killed an ancient lich
 11289 | D        | Killed an ancient lich
 11432 | D        | Noticed a spriggan baker
 11432 | D        | Noticed a spriggan baker
 11432 | D        | Noticed a spriggan baker
 11432 | D        | Noticed a spriggan baker
 11432 | D        | Noticed a spriggan baker
 11432 | D        | Noticed a spriggan baker
 11432 | D        | Noticed a spriggan baker
 11433 | D        | Noticed a spriggan baker
 11434 | D        | Killed a spriggan baker
 11435 | D        | Killed a spriggan baker
 11436 | D        | Noticed a spriggan baker
 11437 | D        | Noticed a spriggan baker
 11437 | D        | Killed a spriggan baker
 11438 | D        | Killed a spriggan baker
 11440 | D        | Killed a spriggan baker
 11441 | D        | Noticed a spriggan baker
 11443 | D        | Killed a spriggan baker
 11444 | D        | Killed a spriggan baker
 11446 | D        | Killed a spriggan baker
 11448 | D        | Killed a spriggan baker
 11449 | D        | Killed a spriggan baker
 11451 | D        | Killed a spriggan baker
 11466 | D        | Noticed a deep elf sorcerer
 11466 | D        | Noticed a deep elf blademaster
 11466 | D        | Noticed a deep elf annihilator
 11466 | D        | Noticed a deep elf blademaster
 11466 | D        | Noticed a deep elf blademaster
 11466 | D        | Noticed a deep elf annihilator
 11466 | D        | Noticed a deep elf blademaster
 11469 | D        | Noticed a deep elf death mage
 11469 | D        | Killed a deep elf blademaster
 11469 | D        | Killed a deep elf sorcerer
 11469 | D        | Killed a deep elf blademaster
 11469 | D        | Killed a deep elf blademaster
 11469 | D        | Killed a deep elf blademaster
 11470 | D        | Killed a deep elf annihilator
 11470 | D        | Killed a deep elf annihilator
 11472 | D        | Noticed a deep elf demonologist
 11472 | D        | Noticed a deep elf sorcerer
 11475 | D        | Killed a deep elf death mage
 11476 | D        | Noticed a deep elf blademaster
 11476 | D        | Killed a deep elf sorcerer
 11477 | D        | Killed a deep elf demonologist
 11478 | D        | Noticed a deep elf sorcerer
 11480 | D        | Noticed a deep elf sorcerer
 11481 | D        | Killed a deep elf blademaster
 11484 | D        | Noticed a deep elf death mage
 11496 | D        | Killed a deep elf sorcerer
 11499 | D        | Killed a deep elf sorcerer
 11504 | D        | Killed a deep elf death mage
 11531 | D        | Got an elven rune of Zot
 11672 | D        | Noticed a death ooze
 11672 | D        | Noticed an azure jelly
 11672 | D        | Noticed an acid blob
 11672 | D        | Noticed a golden eye
 11672 | D        | Noticed a golden eye
 11672 | D        | Noticed an azure jelly
 11673 | D        | Killed a death ooze
 11675 | D        | Killed a golden eye
 11675 | D        | Killed a golden eye
 11678 | D        | Killed an acid blob
 11684 | D        | Killed an azure jelly
 11685 | D        | Noticed a death ooze
 11685 | D        | Paralysed by a giant eyeball for 2 turns
 11686 | D        | Noticed a death ooze
 11687 | D        | Noticed the royal jelly
 11689 | D        | Noticed a death ooze
 11692 | D        | Killed an azure jelly
 11694 | D        | Paralysed by a giant eyeball for 3 turns
 11698 | D        | Killed a death ooze
 11699 | D        | Noticed an azure jelly
 11700 | D        | Killed a death ooze
 11701 | D        | Paralysed by a giant eyeball for 2 turns
 11705 | D        | Killed a death ooze
 11705 | D        | Paralysed by a giant eyeball for 2 turns
 11708 | D        | Killed an azure jelly
 11710 | D        | Killed the royal jelly
 11710 | D        | Reached skill level 27 in Evocations
 11710 | D        | Reached XP level 21. HP: 88/224 MP: 13/42
 11717 | D        | Noticed a golden eye
 11718 | D        | Noticed a golden eye
 11730 | D        | Killed a golden eye
 11876 | D        | Killed a golden eye
 11877 | D        | Noticed an acid blob
 11878 | D        | Noticed an acid blob
 11879 | D        | Noticed a golden eye
 11880 | D        | Noticed an acid blob
 11881 | D        | Killed a golden eye
 11883 | D        | Killed an acid blob
 11886 | D        | Killed an acid blob
 11887 | D        | Killed an acid blob
 11938 | D        | Got a slimy rune of Zot
 12035 | D        | Noticed a sphinx
 12035 | D        | Noticed a sphinx
 12035 | D        | Noticed a sphinx
 12035 | D        | Noticed a sphinx
 12035 | D        | Noticed a sphinx
 12035 | D        | Noticed a sphinx
 12035 | D        | Noticed a sphinx
 12039 | D        | Killed a sphinx
 12039 | D        | Killed a sphinx
 12039 | D        | Killed a sphinx
 12039 | D        | Killed a sphinx
 12040 | D        | Killed a sphinx
 12040 | D        | Killed a sphinx
 12040 | D        | Killed a sphinx
 12057 | D        | Noticed a sphinx
 12057 | D        | Noticed a sphinx
 12058 | D        | Noticed a sphinx
 12060 | D        | Killed a sphinx
 12060 | D        | Killed a sphinx
 12071 | D        | Noticed a sphinx
 12074 | D        | Killed a sphinx
 12077 | D        | Killed a sphinx
 12077 | D        | Reached skill level 27 in Stealth
 12206 | D        | Noticed a sphinx
 12211 | D        | Killed a sphinx
 12275 | D        | Noticed a guardian mummy
 12275 | D        | Noticed a guardian mummy
 12275 | D        | Noticed a guardian mummy
 12275 | D        | Noticed a guardian mummy
 12275 | D        | Noticed a guardian mummy
 12275 | D        | Noticed a guardian mummy
 12275 | D        | Noticed a guardian mummy
 12276 | D        | Noticed a guardian mummy
 12278 | D        | Killed a guardian mummy
 12279 | D        | Killed a guardian mummy
 12286 | D        | Killed a guardian mummy
 12289 | D        | Killed a guardian mummy
 12290 | D        | Noticed a guardian mummy
 12291 | D        | Killed a guardian mummy
 12294 | D        | Killed a guardian mummy
 12295 | D        | Noticed a guardian mummy
 12298 | D        | Killed a guardian mummy
 12300 | D        | Killed a guardian mummy
 12301 | D        | Killed a guardian mummy
 12304 | D        | Killed a guardian mummy
 12453 | D        | Noticed a guardian mummy
 12453 | D        | Noticed a guardian mummy
 12453 | D        | Noticed a guardian mummy
 12453 | D        | Noticed a guardian mummy
 12453 | D        | Noticed a mummy priest
 12453 | D        | Noticed a guardian mummy
 12453 | D        | Noticed a guardian mummy
 12454 | D        | Noticed a guardian mummy
 12455 | D        | Killed a guardian mummy
 12460 | D        | Killed a guardian mummy
 12461 | D        | Noticed a guardian mummy
 12463 | D        | Killed a guardian mummy
 12469 | D        | Killed a guardian mummy
 12472 | D        | Killed a mummy priest
 12477 | D        | Killed a guardian mummy
 12479 | D        | Killed a guardian mummy
 12481 | D        | Killed a guardian mummy
 12483 | D        | Killed a guardian mummy
 12652 | D        | Noticed a greater mummy
 12652 | D        | Noticed a greater mummy
 12652 | D        | Noticed a guardian mummy
 12652 | D        | Noticed a greater mummy
 12652 | D        | Noticed a greater mummy
 12652 | D        | Noticed a greater mummy
 12652 | D        | Noticed a mummy priest
 12657 | D        | Killed a guardian mummy
 12658 | D        | HP: 10/224 [greater mummy/torment (7)]
 12663 | D        | Killed a mummy priest
 12666 | D        | Noticed a greater mummy
 12670 | D        | Killed a greater mummy
 12671 | D        | HP: 11/223 [greater mummy/divine providence (13)]
 12676 | D        | Killed from afar by a soul eater

Action                   |  1- 3 |  4- 6 |  7- 9 | 10-12 | 13-15 | 16-18 | 19-21 || total
-------------------------+-------+-------+-------+-------+-------+-------+-------++-------
Melee: Flail             |    32 |       |       |       |       |       |       ||    32
       Dire flail        |     4 |    19 |    37 |    56 |       |       |       ||   116
       Demon whip        |       |       |       |    68 |   305 |   461 |   223 ||  1057
Invok: Slouch            |       |       |     3 |    27 |    50 |    52 |    70 ||   202
       Temporal Distorti |       |       |       |       |       |     1 |       ||     1
Evoke: Wand              |       |       |       |       |     1 |       |       ||     1
  Use: Potion            |       |       |       |     2 |    13 |     5 |    12 ||    32
       Scroll            |       |       |       |     2 |     2 |    11 |       ||    15
 Stab: Invisible         |       |       |       |       |       |    14 |       ||    14
       Sleeping          |       |       |       |       |       |       |     3 ||     3
